ESL (28 & UNDER)
NEWARK BULLDOGS @ KINGSTON IGUANAS
07/14/2026
 
TOP OF THE 1ST
Newark Bulldogs batting - Pitching for Kingston Iguanas : RHP Leonardo Lorenzo
Pitching: RHP Leonardo Lorenzo
Batting: LHB Gerardo Guzmán 0-0: Called Strike
0-1: SINGLE (Line Drive, 4M)
Batting: RHB Carl Byrd 0-0: Ball
1-0: Called Strike
1-1: Called Strike
Gerardo Guzmán steals 2nd base
1-2: Ground out 5-3 (Groundball, 56S)
Gerardo Guzmán to third
Batting: RHB Emílio Salas 0-0: Ball
1-0: Ball
2-0: Ball
3-0: Called Strike
3-1: Base on Balls
Batting: RHB Randy Simons 0-0: Ball
1-0: Ball
2-0: Called Strike
2-1: Ball
3-1: Base on Balls
Emílio Salas to second
Batting: LHB Marvin Morris 0-0: Ball
1-0: Ball
2-0: Ball
3-0: Base on Balls
Gerardo Guzmán scores
Emílio Salas to third
Randy Simons to second
Batting: RHB Larry Booth 0-0: Called Strike
0-1: Swinging Strike
0-2: Foul Ball, location: 2F
0-2: Ball
1-2: Strikes out swinging
Batting: RHB Perry Henry 0-0: Called Strike
0-1: Ball
1-1: Foul Ball, location: 2F
1-2: Foul Ball, location: 2F
1-2: Ball
2-2: Strikes out looking
Top of the 1st over - 1 run(s), 1 hit(s), 0 error(s), 3 left on base; Newark 1 - Kingston 0
BOTTOM OF THE 1ST
Kingston Iguanas batting - Pitching for Newark Bulldogs : RHP Jesús Martínez
Pitching: RHP Jesús Martínez
Batting: RHB Ken MacDonald 0-0: Ball
1-0: Foul Ball, location: 2F
1-1: SINGLE (Line Drive, 89S)
Batting: RHB William Duncan 0-0: Ball
1-0: Ball
2-0: Fly out, F6 (Line Drive, 6)
Batting: RHB Luis Aguilar 0-0: Ball
1-0: Foul Ball, location: 2F
1-1: Ball
2-1: Called Strike
2-2: Ball
3-2: Strikes out swinging
Ken MacDonald steals 2nd base
Batter strikes out.
Batting: RHB Diego Francisco 0-0: Fly out, F8 (Flyball, 89D)
Bottom of the 1st over - 0 run(s), 1 hit(s), 0 error(s), 1 left on base; Newark 1 - Kingston 0
TOP OF THE 2ND
Newark Bulldogs batting - Pitching for Kingston Iguanas : RHP Leonardo Lorenzo
Batting: RHB Leonardo Pinto 0-0: Ball
1-0: Called Strike
1-1: Fly out, F7 (Flyball, 7M)
Batting: RHB Pablo Gómez 0-0: Called Strike
0-1: Foul Ball, location: 2F
0-2: Strikes out swinging
Batting: LHB Gerardo Guzmán 0-0: Foul Ball, location: 2F
0-1: Called Strike
0-2: Foul Ball, location: 2F
0-2: Ball
1-2: DOUBLE (Flyball, 78XD)
Batting: RHB Carl Byrd 0-0: Called Strike
0-1: Called Strike
0-2: Ground out 4-3 (Groundball, 4M)
Top of the 2nd over - 0 run(s), 1 hit(s), 0 error(s), 1 left on base; Newark 1 - Kingston 0
BOTTOM OF THE 2ND
Kingston Iguanas batting - Pitching for Newark Bulldogs : RHP Jesús Martínez
Batting: LHB Mike Godfrey 0-0: Called Strike
0-1: Ball
1-1: Ball
2-1: Ball
3-1: Base on Balls
Batting: LHB Will Holt 0-0: Called Strike
0-1: Foul Ball, location: 2F
0-2: Ball
1-2: Foul Ball, location: 2F
1-2: Strikes out looking
Batting: LHB Poto Vasilini 0-0: Swinging Strike
0-1: Foul Ball, location: 2F
0-2: Ball
1-2: Strikes out swinging
Batting: RHB Tim Davis 0-0: Fly out, F9 (Flyball, 9M)
Bottom of the 2nd over - 0 run(s), 0 hit(s), 0 error(s), 1 left on base; Newark 1 - Kingston 0
TOP OF THE 3RD
Newark Bulldogs batting - Pitching for Kingston Iguanas : RHP Leonardo Lorenzo
Batting: RHB Emílio Salas 0-0: Foul Ball, location: 2F
0-1: SINGLE (Flyball, 8RS)
Batting: RHB Randy Simons 0-0: Ball
1-0: Ball
2-0: Foul Ball, location: 2F
2-1: Swinging Strike
2-2: Ball
3-2: Foul Ball, location: 2F
3-2: Strikes out swinging
Batting: LHB Marvin Morris 0-0: Called Strike
0-1: Ball
1-1: Ball
2-1: Called Strike
2-2: Grounds into double play, 4-6-3 (Groundball, 4)
Top of the 3rd over - 0 run(s), 1 hit(s), 0 error(s), 0 left on base; Newark 1 - Kingston 0
BOTTOM OF THE 3RD
Kingston Iguanas batting - Pitching for Newark Bulldogs : RHP Jesús Martínez
Batting: LHB Juan Romero 0-0: Ball
1-0: Fly out, F6 (Popup, 78S)
Batting: RHB Ken MacDonald 0-0: Swinging Strike
0-1: Ball
1-1: SINGLE (Groundball, 56S)
Batting: RHB William Duncan 0-0: Fly out, F2 (Popup, 2RF)
Batting: RHB Luis Aguilar 0-0: Called Strike
0-1: Fly out, F9 (Flyball, 9LS)
Bottom of the 3rd over - 0 run(s), 1 hit(s), 0 error(s), 1 left on base; Newark 1 - Kingston 0
TOP OF THE 4TH
Newark Bulldogs batting - Pitching for Kingston Iguanas : RHP Leonardo Lorenzo
Batting: RHB Larry Booth 0-0: Ball
1-0: Ball
2-0: Ball
3-0: Foul Ball, location: 2F
3-1: Fly out, F9 (Flyball, 9LM)
Batting: RHB Perry Henry 0-0: SINGLE (Popup, 4D)
Batting: RHB Leonardo Pinto 0-0: Ball
1-0: Ball
2-0: Called Strike
2-1: Foul Ball, location: 2F
2-2: Foul Ball, location: 2F
2-2: Ball
Perry Henry steals 2nd base
3-2: Foul Ball, location: 2F
3-2: Foul Ball, location: 2F
3-2: Strikes out swinging
Batting: RHB Pablo Gómez 0-0: DOUBLE (Flyball, 89M)
Perry Henry scores
Batting: LHB Gerardo Guzmán 0-0: Ball
1-0: Called Strike
1-1: SINGLE (Groundball, 34D)
Pablo Gómez to third
Runner from 3rd tries for Home, SAFE, throw made home
Gerardo Guzmán to second
Batting: RHB Carl Byrd 0-0: Ball
1-0: Ball
2-0: Foul Ball, location: 2F
2-1: Ball
3-1: Base on Balls
Batting: RHB Emílio Salas 0-0: Called Strike
0-1: Fly out, F9 (Flyball, 89M)
Top of the 4th over - 2 run(s), 3 hit(s), 0 error(s), 2 left on base; Newark 3 - Kingston 0
BOTTOM OF THE 4TH
Kingston Iguanas batting - Pitching for Newark Bulldogs : RHP Jesús Martínez
Batting: RHB Diego Francisco 0-0: Ball
1-0: Called Strike
1-1: Ball
2-1: Ball
3-1: Called Strike
3-2: Foul Ball, location: 2F
3-2: Ground out 6-3 (Groundball, 6M)
Batting: LHB Mike Godfrey 0-0: Ball
1-0: Called Strike
1-1: Foul Ball, location: 2F
1-2: Ball
2-2: DOUBLE (Flyball, 78S)
Batting: LHB Will Holt 0-0: Ground out 1-3 (Groundball, 13)
Mike Godfrey to third
Batting: LHB Poto Vasilini 0-0: Ball
1-0: Ball
2-0: Called Strike
2-1: Swinging Strike
2-2: Ball
3-2: Base on Balls
Batting: RHB Tim Davis 0-0: SINGLE (Line Drive, 89S)
Mike Godfrey scores
Poto Vasilini to second
Batting: LHB Juan Romero 0-0: Foul Ball, location: 2F
0-1: Foul Ball, location: 2F
0-2: Ball
1-2: Foul Ball, location: 2F
1-2: Foul Ball, location: 2F
1-2: SINGLE (Line Drive, 7S)
Poto Vasilini to third
Tim Davis to second
Batting: RHB Ken MacDonald 0-0: Ball
1-0: Swinging Strike
1-1: Ball
2-1: DOUBLE (Line Drive, 9LM)
Poto Vasilini scores
Tim Davis scores
Juan Romero to third
Runner from 3rd tries for Home, SAFE, no throw or cutoff
Batting: RHB William Duncan 0-0: Ball
1-0: SINGLE (Line Drive, 5D)
Ken MacDonald to third
Runner from 3rd tries for Home, SAFE, no throw or cutoff
Batting: RHB Luis Aguilar 0-0: Called Strike
0-1: Ball
1-1: Ball
2-1: Foul Ball, location: 2F
2-2: Strikes out swinging
Bottom of the 4th over - 5 run(s), 5 hit(s), 0 error(s), 1 left on base; Newark 3 - Kingston 5
TOP OF THE 5TH
Newark Bulldogs batting - Pitching for Kingston Iguanas : RHP Leonardo Lorenzo
Pitching: RHP Robert Alexander
Batting: RHB Randy Simons 0-0: Ball
1-0: Ball
2-0: Called Strike
2-1: Called Strike
2-2: Foul Ball, location: 2F
2-2: Strikes out swinging
Batting: LHB Marvin Morris 0-0: Ball
1-0: SINGLE (Groundball, 4MD)
Batting: RHB Larry Booth 0-0: Called Strike
0-1: Ground out 5-3 (Groundball, 56S)
Marvin Morris to second
Batting: RHB Perry Henry 0-0: Foul Ball, location: 2F
0-1: Ball
1-1: Ball
2-1: Ball
3-1: Base on Balls
Batting: RHB Leonardo Pinto 0-0: Fielders Choice at 2nd, 5-4 (Groundball, 5D)
Top of the 5th over - 0 run(s), 1 hit(s), 0 error(s), 1 left on base; Newark 3 - Kingston 5
BOTTOM OF THE 5TH
Kingston Iguanas batting - Pitching for Newark Bulldogs : RHP Jesús Martínez
Batting: RHB Diego Francisco 0-0: Foul Ball, location: 2F
0-1: Called Strike
0-2: Ball
1-2: Ball
2-2: Ball
3-2: Foul Ball, location: 2F
3-2: Fly out, F8 (Flyball, 8RXD)
Batting: LHB Mike Godfrey 0-0: Called Strike
0-1: Ball
1-1: Ball
2-1: Foul Ball, location: 2F
2-2: Ball
3-2: Strikes out looking
Batting: LHB Will Holt 0-0: Ball
1-0: Called Strike
1-1: Ball
2-1: Foul Ball, location: 2F
2-2: Strikes out swinging
Bottom of the 5th over - 0 run(s), 0 hit(s), 0 error(s), 0 left on base; Newark 3 - Kingston 5
TOP OF THE 6TH
Newark Bulldogs batting - Pitching for Kingston Iguanas : RHP Robert Alexander
Batting: RHB Pablo Gómez 0-0: Called Strike
0-1: Foul Ball, location: 2F
0-2: Ball
1-2: Strikes out looking
Batting: LHB Gerardo Guzmán 0-0: Called Strike
0-1: Foul Ball, location: 2F
0-2: Ball
1-2: Ball
2-2: Strikes out swinging, 2-3 out at first.
Batting: RHB Carl Byrd 0-0: Ball
1-0: Fly out, F7 (Flyball, 78M)
Top of the 6th over - 0 run(s), 0 hit(s), 0 error(s), 0 left on base; Newark 3 - Kingston 5
BOTTOM OF THE 6TH
Kingston Iguanas batting - Pitching for Newark Bulldogs : RHP Jesús Martínez
Batting: LHB Poto Vasilini 0-0: Ball
1-0: Ball
2-0: Hit by Pitch
Batting: RHB Tim Davis 0-0: Foul Ball, location: 2F
0-1: Ball
1-1: SINGLE (Line Drive, 8LS)
Poto Vasilini to second
Pitching: RHP Jim Cook
Batting: LHB Juan Romero 0-0: Swinging Strike
0-1: Fly out, F8 (Flyball, 8LS)
Batting: RHB Ken MacDonald 0-0: Ball
1-0: Ball
Poto Vasilini steals 3rd base
Tim Davis to second
2-0: Foul Ball, location: 2F
2-1: SINGLE (Line Drive, 6D)
Poto Vasilini scores
Tim Davis to third
Batting: RHB William Duncan 0-0: Called Strike
0-1: Foul Ball, location: 2F
0-2: Ball
1-2: Ground out 5-3 (Groundball, 56S)
Tim Davis scores
Ken MacDonald to second
Batting: RHB Luis Aguilar 0-0: Foul Ball, location: 2F
0-1: Fly out, F7 (Flyball, 78M)
Bottom of the 6th over - 2 run(s), 2 hit(s), 0 error(s), 1 left on base; Newark 3 - Kingston 7
TOP OF THE 7TH
Newark Bulldogs batting - Pitching for Kingston Iguanas : RHP Robert Alexander
Pitching: RHP Vic Bradshaw
Batting: RHB Emílio Salas 0-0: Ball
1-0: Called Strike
1-1: Ball
2-1: Foul Ball, location: 2F
2-2: Ball
3-2: Base on Balls
Batting: RHB Randy Simons 0-0: Ball
1-0: Ball
2-0: Ball
3-0: Called Strike
3-1: Base on Balls
Emílio Salas to second
Batting: LHB Marvin Morris 0-0: Ball
Emílio Salas steals 3rd base
Randy Simons to second
1-0: Ball
2-0: Ball
3-0: Base on Balls
Batting: RHB Larry Booth 0-0: Ball
1-0: DOUBLE (Line Drive, 9D)
Emílio Salas scores
Randy Simons scores
Marvin Morris to third
Batting: RHB Perry Henry 0-0: Hit by Pitch
Batting: RHB Leonardo Pinto 0-0: Ball
1-0: SINGLE (Line Drive, 8RS)
Marvin Morris scores
Larry Booth to third
Perry Henry to second
Runner from 3rd tries for Home, SAFE, no throw or cutoff
Pitching: RHP Guo-fang Juan
Batting: RHB Pablo Gómez 0-0: Ball
1-0: Ball
2-0: Ball
3-0: Called Strike
3-1: SINGLE (Groundball, 34)
Perry Henry to third
Leonardo Pinto to second
Runner from 3rd tries for Home, SAFE, no throw or cutoff
Batting: LHB Gerardo Guzmán 0-0: Ball
1-0: Bunt missed!
1-1: Sac Bunt - play at first, batter OUT! 1-4
Leonardo Pinto to third
Pablo Gómez to second
Batting: RHB Carl Byrd 0-0: Called Strike
0-1: Ball
1-1: Ball
2-1: Called Strike
2-2: Strikes out swinging
Batting: RHB Emílio Salas 0-0: Called Strike
0-1: Swinging Strike
0-2: Foul Ball, location: 2F
0-2: Fly out, F6 (Popup, 56D)
Top of the 7th over - 5 run(s), 3 hit(s), 0 error(s), 2 left on base; Newark 8 - Kingston 7
BOTTOM OF THE 7TH
Kingston Iguanas batting - Pitching for Newark Bulldogs : RHP Jim Cook
Batting: RHB Diego Francisco 0-0: Called Strike
0-1: Swinging Strike
0-2: Strikes out swinging
Batting: LHB Mike Godfrey 0-0: Ball
1-0: Swinging Strike
1-1: Ball
2-1: Foul Ball, location: 2F
2-2: SINGLE (Groundball, 5D)
Pinch Hitting: RHB Soshu Nakamura 0-0: Ball
1-0: Ball
2-0: Ball
3-0: Base on Balls
Mike Godfrey to second
Batting: LHB Poto Vasilini 0-0: Ball
1-0: Ball
2-0: Ball
3-0: Base on Balls
Mike Godfrey to third
Soshu Nakamura to second
Batting: RHB Tim Davis 0-0: Ball
1-0: Ball
2-0: Ball
3-0: Called Strike
3-1: Base on Balls
Mike Godfrey scores
Soshu Nakamura to third
Poto Vasilini to second
Batting: LHB Juan Romero 0-0: Fielders Choice at 2nd, 4-6 (Groundball, 34)
Soshu Nakamura scores
Poto Vasilini to third
Pinch Hitting: LHB Bob Greene 0-0: Ball
1-0: Foul Ball, location: 2F
1-1: Fly out, F7 (Flyball, 78M)
Bottom of the 7th over - 2 run(s), 1 hit(s), 0 error(s), 2 left on base; Newark 8 - Kingston 9
TOP OF THE 8TH
Newark Bulldogs batting - Pitching for Kingston Iguanas : RHP Guo-fang Juan
Now at 2B: Soshu Nakamura
Now at 3B: Bobby Armstrong
Now in RF: Steve Davis
Batting: RHB Randy Simons 0-0: Ball
1-0: Ball
2-0: Ball
3-0: Called Strike
3-1: SOLO HOME RUN (Flyball, 78XD), Distance : 394 ft
Batting: LHB Marvin Morris 0-0: Ball
1-0: Called Strike
1-1: Fly out, F8 (Flyball, 8RXD)
Batting: RHB Larry Booth 0-0: Ball
1-0: Called Strike
1-1: Ball
2-1: Swinging Strike
2-2: Strikes out looking
Batting: RHB Perry Henry 0-0: SINGLE (Groundball, 34) (infield hit)
Batting: RHB Leonardo Pinto 0-0: Ground out 5-3 (Groundball, 5)
Top of the 8th over - 1 run(s), 2 hit(s), 0 error(s), 1 left on base; Newark 9 - Kingston 9
BOTTOM OF THE 8TH
Kingston Iguanas batting - Pitching for Newark Bulldogs : RHP Jim Cook
Pitching: RHP Tomás Pagán
Pinch Hitting: LHB Dave Gordon 0-0: Ball
1-0: Foul Ball, location: 2F
1-1: Fly out, F8 (Flyball, 8LS)
Batting: RHB Luis Aguilar 0-0: Ball
1-0: Called Strike
1-1: Fly out, F8 (Flyball, 78D)
Batting: RHB Diego Francisco 0-0: Ball
1-0: Foul Ball, location: 2F
1-1: DOUBLE (Line Drive, 8LXD)
Batting: LHB Mike Godfrey 0-0: Ball
1-0: Called Strike
1-1: Ball
2-1: Ground out 6-3 (Groundball, 56)
Bottom of the 8th over - 0 run(s), 1 hit(s), 0 error(s), 1 left on base; Newark 9 - Kingston 9
TOP OF THE 9TH
Newark Bulldogs batting - Pitching for Kingston Iguanas : RHP Guo-fang Juan
Pitching: RHP Jesús Gonzáles
Now in CF: Mike Johnson
Pinch Hitting: LHB Rocky Whitcomb 0-0: Fly out, F9 (Flyball, 89M)
Batting: LHB Gerardo Guzmán 0-0: Called Strike
0-1: Ball
1-1: Ball
2-1: Swinging Strike
2-2: Strikes out looking
Batting: RHB Carl Byrd 0-0: Swinging Strike
0-1: Foul Ball, location: 2F
0-2: Strikes out swinging
Top of the 9th over - 0 run(s), 0 hit(s), 0 error(s), 0 left on base; Newark 9 - Kingston 9
BOTTOM OF THE 9TH
Kingston Iguanas batting - Pitching for Newark Bulldogs : RHP Tomás Pagán
Pitching: RHP Bartolo Rodríguez
Now at C: Rocky Whitcomb
Batting: RHB Soshu Nakamura 0-0: Ball
1-0: Ball
2-0: Ball
3-0: Base on Balls
Pinch Hitting: LHB Billy Anderson 0-0: Called Strike
0-1: Foul Ball, location: 2F
0-2: Ball
1-2: Ball
2-2: Strikes out swinging
Batting: RHB Tim Davis 0-0: Ball
1-0: Ball
2-0: Ball
3-0: Called Strike
3-1: Foul Ball, location: 2F
3-2: Fly out, F6 (Popup, 6MD)
Batting: LHB Juan Romero 0-0: Foul Ball, location: 2F
0-1: Foul Ball, location: 2F
0-2: Ground out 4-3 (Groundball, 4)
Bottom of the 9th over - 0 run(s), 0 hit(s), 0 error(s), 1 left on base; Newark 9 - Kingston 9
TOP OF THE 10TH
Newark Bulldogs batting - Pitching for Kingston Iguanas : RHP Jesús Gonzáles
Now in RF: Billy Anderson
Batting: RHB Emílio Salas 0-0: Called Strike
0-1: Ball
1-1: Ball
2-1: Called Strike
2-2: Ball
3-2: Ground out 6-3 (Groundball, 6)
Batting: RHB Randy Simons 0-0: Ball
1-0: Called Strike
1-1: Foul Ball, location: 2F
1-2: Strikes out looking
Batting: LHB Marvin Morris 0-0: Called Strike
0-1: Called Strike
0-2: Ball
1-2: Strikes out swinging
Top of the 10th over - 0 run(s), 0 hit(s), 0 error(s), 0 left on base; Newark 9 - Kingston 9
BOTTOM OF THE 10TH
Kingston Iguanas batting - Pitching for Newark Bulldogs : RHP Bartolo Rodríguez
Batting: RHB Bobby Armstrong 0-0: Called Strike
0-1: Called Strike
0-2: Ball
1-2: Ball
2-2: Ground out 1-3 (Groundball, 23)
Pinch Hitting: LHB Cliff David 0-0: Ball
1-0: Fly out, F9 (Line Drive, 9M)
Batting: RHB Luis Aguilar 0-0: Ball
1-0: Foul Ball, location: 2F
1-1: Foul Ball, location: 2F
1-2: Strikes out swinging
Bottom of the 10th over - 0 run(s), 0 hit(s), 0 error(s), 0 left on base; Newark 9 - Kingston 9
TOP OF THE 11TH
Newark Bulldogs batting - Pitching for Kingston Iguanas : RHP Jesús Gonzáles
Pitching: RHP Danny Bates
Now in RF: Cliff David
Batting: RHB Larry Booth 0-0: Ball
1-0: Ball
2-0: Called Strike
2-1: Called Strike
2-2: Ball
3-2: Strikes out looking
Batting: RHB Perry Henry 0-0: Called Strike
0-1: Called Strike
0-2: Ball
1-2: Ball
2-2: Foul Ball, location: 2F
2-2: Ball
3-2: Base on Balls
Batting: RHB Leonardo Pinto 0-0: Ball
Perry Henry steals 2nd base
1-0: Called Strike
1-1: Ball
2-1: Swinging Strike
2-2: Ball
3-2: Strikes out swinging
Batting: LHB Rocky Whitcomb 0-0: Ground out 6-3 (Groundball, 6)
Top of the 11th over - 0 run(s), 0 hit(s), 0 error(s), 1 left on base; Newark 9 - Kingston 9
BOTTOM OF THE 11TH
Kingston Iguanas batting - Pitching for Newark Bulldogs : RHP Bartolo Rodríguez
Pitching: RHP Chris Johns
Batting: RHB Diego Francisco 0-0: Ball
1-0: Called Strike
1-1: Swinging Strike
1-2: Ball
2-2: Ball
3-2: Strikes out looking
Batting: LHB Mike Godfrey 0-0: Ball
1-0: DOUBLE (Line Drive, 8LM)
Batting: RHB Soshu Nakamura 0-0: Ball
1-0: Ball
2-0: Foul Ball, location: 2F
2-1: Foul Ball, location: 2F
2-2: Ground out 5-3 (Groundball, 5)
Batting: LHB Billy Anderson 0-0: Ball
1-0: Swinging Strike
1-1: Ball
2-1: Ball
3-1: Base on Balls
Batting: RHB Tim Davis 0-0: Ball
1-0: Foul Ball, location: 2F
1-1: Ball
2-1: Ball
3-1: Called Strike
3-2: SINGLE (Groundball, 56D)
Mike Godfrey to third
Billy Anderson to second
Mike Godfrey scores
Monday, December 5th, 2016 - OOTP Baseball 17.12 Build 75